 Dungeon Sprint DCSS version 0.19.0-22-gd96e5fe (webtiles) character file.

271 dobroeutro the Unseen (level 6, -2/30 HPs)
             Began as a Spriggan Assassin on Nov 19, 2016.
             Splashed by a jelly's acid (12 damage)
             ... in the Dungeon (Sprint I: "Red Sonja").
             The game lasted 00:01:22 (324 turns).

dobroeutro the Unseen (Spriggan Assassin)            Turns: 324, Time: 00:01:23

Health: -2/30      AC: -5    Str:  7    XL:     6   Next: 2%
Magic:  7/7        EV: 17    Int: 12    God:
Gold:   162        SH:  0    Dex: 20    Spells: 0 memorised, 5 levels left

rFire  . . .     SeeInvis +     a - +2 dagger
rCold  . . .     Gourm    .     c - +0 robe
rNeg   . . .     Faith    .     (shield restricted)
rPois  .         Spirit   .     (helmet restricted)
rElec  .         Reflect  .     d - +0 cloak
rCorr  .         Harm     .     (gloves unavailable)
MR     +....     NoTele   +     (boots unavailable)
Stlth  ++........               (no amulet)
                                (no ring)
                                (no ring)

@: confused, corroded, very quick
A: unfitting armour, see invisible, herbivore 3, speed 3, slow metabolism 2
a: no special abilities


You were in the Dungeon.
You were not hungry.

You visited 1 branch You collected 162 gold pieces.

Inventory:

Hand Weapons
 a - a +2 dagger (weapon)
 b - a +0 blowgun
Armour
 c - a +0 robe (worn)
 d - a +0 cloak (worn)
Scrolls
 m - a scroll of blinking
Potions
 j - a potion of haste
 k - 2 potions of magic
 l - a potion of berserk rage
 n - a potion of cancellation {unknown}
Comestibles
 g - a bread ration


   Skills:
 - Level 1.5 Fighting
 + Level 8.2 Short Blades
 - Level 2.0 Throwing
 - Level 1.5 Dodging
 * Level 15.7 Stealth


You had 5 spell levels left.
You didn't know any spells.

Dungeon Overview and Level Annotations

Branches:
Dungeon (1/1)

Altars:
Sif Muna
Vehumet


Innate Abilities, Weirdness & Mutations

You are very small and have problems with some larger weapons.
You are too small for most types of armour.
You have supernaturally acute eyesight. (SInv)
You are a herbivore.
You cover ground extremely quickly.
You need consume almost no food.


Message History

You feel much better. The jelly misses you.
You hit the jelly.
Your hands burn!
The jelly is severely wounded.
You hit the jelly.
Your hands burn!
The jelly is severely wounded.
The jelly hits you.
You are splashed with acid!
The acid burns!
You hit the jelly. The acid corrodes you!
Your hands burn!
* * * LOW HITPOINT WARNING * * *
The jelly is almost dead.
The jelly completely misses you.
It was a potion of ambrosia.
You are confused.
You feel invigorated. The jelly hits you.
* * * LOW HITPOINT WARNING * * *
You are splashed with acid!
The acid burns!
* * * LOW HITPOINT WARNING * * *
You barely miss the jelly.
The jelly is almost dead.
The jelly hits you.
You are splashed with acid!
The acid burns!
You die...

################
#<.#.)'..#.('..#
#.@J..#.)(.(#(.+
#..#####'#####'#
#..# #..# #)#
#..# #### #$#
#..# ..+ #⌠⌠#
.._# #### _.#+#
##+


You could see a jelly.

Vanquished Creatures
  Sigmund (D)
  An ogre (D)
  Ijyb (D)
3 creatures vanquished.

Notes
Turn   | Place    | Note
-------+----------+-------------------------------------------
     0 | D        | dobroeutro the Spriggan Assassin began the quest for the Orb.
     0 | D        | Reached XP level 1. HP: 10/10 MP: 2/2
     1 | D        | Noticed Ijyb
     4 | D        | Killed Ijyb
     4 | D        | Reached skill level 9 in Stealth
     4 | D        | Reached XP level 2. HP: 14/14 MP: 3/3
     7 | D        | Noticed an ogre
    10 | D        | Killed an ogre
    10 | D        | Reached skill level 12 in Stealth
    10 | D        | Reached XP level 3. HP: 18/18 MP: 4/4
    10 | D        | Reached XP level 4. HP: 22/22 MP: 5/5
    19 | D        | Noticed Sigmund
    37 | D        | Killed Sigmund
    37 | D        | Reached skill level 15 in Stealth
    37 | D        | Reached XP level 5. HP: 5/25 MP: 6/6
    37 | D        | Reached XP level 6. HP: 6/30 MP: 7/7
   280 | D        | Found a deep blue altar of Sif Muna.
   282 | D        | Found a radiant altar of Vehumet.
   324 | D        | Splashed by a jelly's acid

Skill      XL: |  1  2  3  4 |
---------------+-------------+-----
Short Blades   | 4 6 8 |  8.2
Stealth        | 9 12 15 | 15.7
Fighting       | |  1.5
Throwing       | |  2.0
Dodging        | |  1.5

Action                   |  1- 3 |  4- 6 || total
-------------------------+-------+-------++-------
Melee: Dagger            |     2 |    10 ||    12
 Fire: Blowgun           |       |    15 ||    15
  Use: Potion            |       |     3 ||     3
 Stab: Sleeping          |     2 |       ||     2
Dodge: Dodged            |       |    12 ||    12
